[Event "ICC tourney 2916 (30 10)"]
[Site "Internet Chess Club"]
[Date "2022.05.21"]
[Round "1"]
[White "SHI, WARREN:warren200"]
[Black "ANGEL, BORYS:BArkadia"]
[Result "0-1"]
[ICCResult "White resigns"]
[WhiteElo "886"]
[BlackElo "1442"]
[Opening "Two knights defense"]
[ECO "C55"]
[NIC "IG.01"]
[Time "12:01:06"]
[PlyCount "24"]
[TimeControl "1800+10"]

1. e4 e5 2. Nf3 Nc6 3. Bc4 Nf6 4. O-O Bc5 5. Nc3 d6 6. Re1 Bg4 7. h3 Bh5 8.
d3 Nd4 9. Be3 Nxf3+ 10. gxf3 Qd7 11. Kf1 Qxh3+ 12. Kg1 Bxf3 {White resigns}
0-1

[Event "ICC tourney 2916 (30 10)"]
[Site "Internet Chess Club"]
[Date "2022.05.21"]
[Round "1"]
[White "INDUKURI, SUHAS VARMA:Suhas12"]
[Black "Augustine, Alexander Demir:DemaddAAA"]
[Result "1-0"]
[ICCResult "Black resigns"]
[WhiteElo "1490"]
[BlackElo "1114"]
[Opening "French: Tarrasch, open variation"]
[ECO "C07"]
[NIC "FR.18"]
[Time "12:01:05"]
[PlyCount "37"]
[TimeControl "1800+10"]

1. e4 e6 2. d4 d5 3. Nd2 c5 4. c3 Nc6 5. Ne2 Nf6 6. e5 Nd7 7. Nf3 f6 8. exf6
Nxf6 9. Ng3 cxd4 10. cxd4 Bb4+ 11. Bd2 Qb6 12. a3 Bxd2+ 13. Qxd2 Ne4 14.
Nxe4 dxe4 15. Ne5 Nxd4 16. Rd1 Nb3 17. Bb5+ Ke7 18. Qg5+ Kf8 19. Rd8+
{Black resigns}
1-0

[Event "ICC tourney 2916 (30 10)"]
[Site "Internet Chess Club"]
[Date "2022.05.21"]
[Round "1"]
[White "Doan Giang, Nguyen Doan:Doctorstrange04"]
[Black "WU, WINSTON:K01-30022609"]
[Result "1-0"]
[ICCResult "Black checkmated"]
[WhiteElo "1698"]
[BlackElo "1405"]
[Opening "French: Schlechter variation"]
[ECO "C01"]
[NIC "FR.01"]
[Time "12:01:05"]
[PlyCount "93"]
[TimeControl "1800+10"]

1. e4 e6 2. d4 d5 3. Bd3 Nf6 4. e5 Nfd7 5. Ne2 c5 6. c3 Nc6 7. a3 g6 8. b4
cxd4 9. cxd4 Bg7 10. O-O Qb6 11. Kh1 Nxd4 12. Be3 Bxe5 13. Nbc3 Nxe2 14.
Bxb6 Nxc3 15. Qe1 axb6 16. f4 Bg7 17. f5 O-O 18. fxe6 fxe6 19. Qxe6+ Kh8 20.
Rxf8+ Nxf8 21. Qe8 Ne4 22. Rf1 Nf6 23. Rxf6 Kg8 24. Rf3 Bh6 25. h4 Bg7 26.
h5 gxh5 27. Bf5 Bxf5 28. Qxa8 Be4 29. Rg3 h4 30. Rh3 d4 31. Rxh4 Bc6 32. Qd8
Bd7 33. Rf4 d3 34. Rxf8+ Bxf8 35. Qxd7 d2 36. Qxd2 b5 37. Qd5+ Kh8 38. Qxb5
h6 39. Qxb7 h5 40. a4 h4 41. a5 h3 42. a6 hxg2+ 43. Kxg2 Kg8 44. a7 Kh8 45.
a8=Q Kg8 46. Qe7 Kh8 47. Qaxf8# {Black checkmated} 1-0

[Event "ICC tourney 2916 (30 10)"]
[Site "Internet Chess Club"]
[Date "2022.05.21"]
[Round "1"]
[White "SHANMUGAM, MEERA:K05-16606945"]
[Black "BUENAVISTA, PROSPERO SILOS:perryb"]
[Result "0-1"]
[ICCResult "White checkmated"]
[WhiteElo "1353"]
[BlackElo "1659"]
[Opening "Caro-Kann: Tartakower (Nimzovich) variation"]
[ECO "B15"]
[NIC "CK.06"]
[Time "12:01:12"]
[PlyCount "80"]
[TimeControl "1800+10"]

1. e4 c6 2. d4 d5 3. Nc3 dxe4 4. Nxe4 Nf6 5. Nxf6+ exf6 6. Nf3 Bd6 7. c3 O-O
8. Be3 Re8 9. Bd3 Bg4 10. h3 Bh5 11. Qc2 Bg6 12. Bxg6 hxg6 13. h4 Bf4 14.
Qd3 Qd5 15. O-O-O Bxe3+ 16. fxe3 Qxa2 17. h5 g5 18. h6 g6 19. h7+ Kh8 20.
Nd2 Qe6 21. Rh3 g4 22. Rh4 Qxe3 23. Qxe3 Rxe3 24. Rf1 f5 25. Rf2 Nd7 26. Nc4
Re7 27. Nd6 Nf6 28. Rf1 Rd8 29. Nc4 Nh5 30. Ne5 Kxh7 31. Kc2 f6 32. Nd3 Kg7
33. Kd2 Rde8 34. Rf2 g3 35. Rf1 Re2+ 36. Kd1 Rxg2 37. Ne1 Rxb2 38. Kc1 Ra2
39. Nc2 Re2 40. Ne1 Ra1# {White checkmated} 0-1

[Event "ICC tourney 2916 (30 10)"]
[Site "Internet Chess Club"]
[Date "2022.05.21"]
[Round "1"]
[White "QIAO, RICHARDSON JINGSI:Richardsonqiao"]
[Black "GRESEN, EVAN MICHAEL:EVMIGR"]
[Result "1-0"]
[ICCResult "Black resigns"]
[WhiteElo "1215"]
[BlackElo "1568"]
[Opening "Queen's pawn, Mason variation"]
[ECO "D00"]
[NIC "QP.08"]
[Time "12:01:06"]
[PlyCount "69"]
[TimeControl "1800+10"]

1. d4 d5 2. Bf4 Nf6 3. e3 Nbd7 4. Nf3 a6 5. c3 Nh5 6. Bg3 Nxg3 7. hxg3 c5 8.
Bd3 g6 9. Ng5 Nf6 10. Nd2 c4 11. Bc2 Qc7 12. Qf3 Bg4 13. Qf4 Qb6 14. Ba4+
Bd7 15. Bxd7+ Kxd7 16. Nxf7 Rg8 17. Ne5+ Ke8 18. Rb1 Qe6 19. Ndf3 Nh5 20.
Qg4 Qxg4 21. Nxg4 Bg7 22. Nge5 e6 23. g4 Nf6 24. Ng5 Ke7 25. Nxh7 Nxh7 26.
Rxh7 Kd6 27. f4 Bxe5 28. fxe5+ Kc6 29. Re7 Rh8 30. Rxe6+ Kc7 31. Kf2 Raf8+
32. Kg3 Rh6 33. g5 Rh5 34. Rxg6 Rf5 35. Kg4 {Black resigns} 1-0

[Event "ICC tourney 2916 (30 10)"]
[Site "Internet Chess Club"]
[Date "2022.05.21"]
[Round "1"]
[White "THAIN, JACK:jt1819"]
[Black "LEONG, ANSON:CaptainAL13"]
[Result "1/2-1/2"]
[ICCResult "Game drawn by mutual agreement"]
[WhiteElo "1662"]
[BlackElo "1378"]
[Opening "Queen's pawn game"]
[ECO "A45"]
[NIC "QP.07"]
[Time "12:01:08"]
[PlyCount "95"]
[TimeControl "1800+10"]

1. d4 Nf6 2. Nc3 g6 3. Bf4 Bg7 4. e3 O-O 5. h4 d6 6. Be2 h6 7. Qd2 d5 8. Nf3
Bf5 9. Ne5 Nbd7 10. g4 Nxe5 11. gxf5 Nc4 12. Bxc4 dxc4 13. Rg1 Kh7 14. fxg6+
fxg6 15. f3 Nh5 16. O-O-O Nxf4 17. exf4 Qd6 18. h5 Qxf4 19. Rxg6 Qxd2+ 20.
Rxd2 Rxf3 21. Re2 Re8 22. Nd5 Bxd4 23. c3 Rf1+ 24. Kc2 Rf2 25. Rxf2 Bxf2 26.
Re6 Bh4 27. Re4 Bg5 28. Rxc4 Rc8 29. Rxc7 Rxc7 30. Nxc7 Kg7 31. Kd3 Kf6 32.
Ke4 Bc1 33. Nd5+ Kg5 34. b4 e6 35. Nc7 Kxh5 36. Nxe6 Kg4 37. c4 h5 38. Nd4
h4 39. Nf3 h3 40. a4 Ba3 41. b5 Bd6 42. Ke3 h2 43. Nxh2+ Bxh2 44. Ke4 b6 45.
Kd5 Kf5 46. c5 bxc5 47. Kxc5 Ke5 48. Kc6 {Game drawn by mutual agreement}
1/2-1/2

[Event "ICC tourney 2916 (30 10)"]
[Site "Internet Chess Club"]
[Date "2022.05.21"]
[Round "1"]
[White "VALE CRUZ, ARMIN:trucker"]
[Black "GHOSH, YOHAN:luckylion"]
[Result "1-0"]
[ICCResult "Black resigns"]
[WhiteElo "1592"]
[BlackElo "1295"]
[Opening "Vienna game, Max Lange defense"]
[ECO "C25"]
[NIC "VG.04"]
[Time "12:01:14"]
[PlyCount "127"]
[TimeControl "1800+10"]

1. e4 e5 2. Nc3 Nc6 3. Bc4 Bc5 4. Qg4 Qf6 5. Nd5 Qxf2+ 6. Kd1 Kf8 7. Nh3 Qd4
8. d3 Nf6 9. Nxf6 gxf6 10. Bh6+ Ke7 11. Qg7 Re8 12. Rf1 Kd8 13. c3 Qd6 14.
Rxf6 Qf8 15. Qxf8 Bxf8 16. Bxf7 Bxh6 17. Rxh6 Rf8 18. Rxh7 d6 19. Kc2 Bxh3
20. gxh3 Ne7 21. Be6 a5 22. Rg1 a4 23. a3 Ra6 24. Rgg7 Re8 25. h4 b5 26. h5
c5 27. h6 Ra7 28. Rf7 Rg8 29. Rhg7 Rh8 30. h7 Ke8 31. h4 Kd8 32. h5 Rc7 33.
Kb1 Ra7 34. h6 Rc7 35. Rg8+ Nxg8 36. Rxc7 Ne7 37. Rd7+ Ke8 38. Rxd6 Rxh7 39.
Bd7+ Kf8 40. Bxb5 Ng8 41. Rd8+ Kf7 42. Bc4+ Ke7 43. Rxg8 Rxh6 44. Ra8 Rh1+
45. Ka2 Kf6 46. Rxa4 Kg5 47. Ra5 Kf4 48. Rxc5 Ke3 49. Rxe5 Kd2 50. a4 Rh2
51. a5 Kc1 52. Rb5 Rc2 53. a6 Re2 54. a7 Rc2 55. a8=Q Re2 56. Qf8 Rd2 57.
Qf1+ Rd1 58. Qf4+ Kc2 59. Bb3+ Kxd3 60. Rd5+ Ke2 61. Bxd1+ Ke1 62. Qe3+ Kf1
63. Rf5+ Kg2 64. Rf2+ {Black resigns} 1-0

[Event "ICC tourney 2916 (30 10)"]
[Site "Internet Chess Club"]
[Date "2022.05.21"]
[Round "1"]
[White "Mason, Mike W:MikeWMason"]
[Black "Bharathy Mohan, Aarav Sai:aaravbm"]
[Result "1-0"]
[ICCResult "Black checkmated"]
[WhiteElo "1555"]
[BlackElo "1177"]
[Opening "Giuoco Piano"]
[ECO "C50"]
[NIC "IG.02"]
[Time "12:02:00"]
[PlyCount "117"]
[TimeControl "1800+10"]

1. e4 e5 2. Nf3 Nc6 3. Bc4 Bc5 4. d4 Bxd4 5. Nxd4 Nxd4 6. Be3 Nc6 7. Qg4 Qf6
8. Nc3 d5 9. Qg3 dxc4 10. Nd5 Qg6 11. Nxc7+ Kd8 12. Nxa8 Qxg3 13. O-O-O+ Bd7
14. hxg3 Nf6 15. Bg5 Kc8 16. f3 Be6 17. Bxf6 gxf6 18. g4 Kb8 19. Rh6 Kxa8
20. Rdh1 Kb8 21. Rxh7 Rxh7 22. Rxh7 Nd4 23. Kd2 Kc7 24. Rh6 Nb5 25. c3 a6
26. Rxf6 Na7 27. g5 Kd7 28. g6 fxg6 29. Rxg6 Nc6 30. Ke3 Ke7 31. g3 b5 32.
f4 exf4+ 33. gxf4 Bd7 34. e5 Be8 35. Rh6 Bd7 36. Ke4 Bc8 37. Rxc6 Bb7 38.
Kd5 Kd7 39. e6+ Ke7 40. Kc5 Bxc6 41. Kxc6 Kxe6 42. Kb6 Kf5 43. Kxa6 Kxf4 44.
Kxb5 Ke5 45. Kxc4 Kd6 46. Kb5 Kc7 47. c4 Kb7 48. Kc5 Kc7 49. b4 Kb8 50. Kc6
Kc8 51. c5 Kb8 52. Kd7 Kb7 53. c6+ Kb6 54. c7 Kb5 55. c8=Q Kxb4 56. Qc2 Ka5
57. Qb3 Ka6 58. Kc6 Ka7 59. Qb7# {Black checkmated} 1-0

[Event "ICC tourney 2916 (30 10)"]
[Site "Internet Chess Club"]
[Date "2022.05.21"]
[Round "1"]
[White "PUGH, RICHARD:rpughiii"]
[Black "GEVORGYAN, DAVIT:Davo29"]
[Result "1/2-1/2"]
[ICCResult "Game drawn by repetition"]
[WhiteElo "1401"]
[BlackElo "1676"]
[Opening "Nimzovich-Larsen attack: classical variation"]
[ECO "A01"]
[NIC "VO.08"]
[Time "12:01:44"]
[PlyCount "102"]
[TimeControl "1800+10"]

1. b3 d5 2. Bb2 c5 3. e3 Nc6 4. Bb5 a6 5. Bxc6+ bxc6 6. Nf3 Bg4 7. h3 Bh5 8.
g4 Bg6 9. Ne5 Qc7 10. Nxg6 hxg6 11. Nc3 Nf6 12. Qf3 e6 13. O-O-O Rb8 14. Na4
Be7 15. Ba3 Qa5 16. Qf4 Nd7 17. Bb2 O-O 18. h4 Rb4 19. d4 c4 20. Bc3 Rfb8
21. h5 g5 22. Qh2 Nf6 23. f3 cxb3 24. axb3 Qb5 25. Bxb4 Bxb4 26. h6 g6 27.
h7+ Kh8 28. Qe5 Be7 29. f4 gxf4 30. g5 fxe3 31. gxf6 Ba3+ 32. Nb2 e2 33.
Rde1 Qb4 34. Rxe2 Rb7 35. Rh6 Qc3 36. Rxg6 Qxb2+ 37. Kd2 Bb4+ 38. Ke3 Qc1+
39. Kf3 fxg6 40. f7+ Kxh7 41. Rh2+ Qh6 42. Rxh6+ Kxh6 43. Qf4+ Kg7 44. f8=Q+
Bxf8 45. Qe5+ Kf7 46. Qf4+ Kg7 47. Qe5+ Kf7 48. Qf4+ Kg7 49. Qe5+ Kf7 50.
Qf4+ Kg7 51. Qe5+ Kf7 {Game drawn by repetition} 1/2-1/2

[Event "ICC tourney 2916 (30 10)"]
[Site "Internet Chess Club"]
[Date "2022.05.21"]
[Round "1"]
[White "MEI, ZERUI TITUS:Thankfulfortune"]
[Black "Anthony, Joseph:ajk170378"]
[Result "0-1"]
[ICCResult "White checkmated"]
[WhiteElo "1142"]
[BlackElo "1534"]
[Opening "Pirc: Ufimtsev-Pytel variation"]
[ECO "B07"]
[NIC "PU.08"]
[Time "12:03:40"]
[PlyCount "114"]
[TimeControl "1800+10"]

1. e4 d6 2. d4 Nf6 3. Nc3 c6 4. Nf3 Qa5 5. Bd2 Qc7 6. Bc4 Bg4 7. h3 Bh5 8.
Bg5 Nbd7 9. Bxf6 Nxf6 10. Qe2 e5 11. dxe5 dxe5 12. a3 Bc5 13. O-O O-O 14. b4
Bd4 15. Qd3 Rad8 16. Nxd4 Rxd4 17. Bxf7+ Bxf7 18. Qe3 Rfd8 19. a4 h6 20. b5
Rd2 21. Qxa7 cxb5 22. Nxb5 Qxc2 23. Rac1 Qxe4 24. Nc3 Qb4 25. Qe3 R2d3 26.
Qxe5 Re8 27. Qc7 Re7 28. Qc8+ Kh7 29. Qf5+ Bg6 30. Qc8 Red7 31. Na2 Qxa4 32.
Nc3 Qf4 33. Ne2 Qh4 34. Rc4 Qh5 35. Nf4 Qf5 36. Nxd3 Qxd3 37. Rc7 Rxc7 38.
Qxc7 Be4 39. Kh2 Bc6 40. Kg1 Qe4 41. Qg3 b5 42. f3 Qd4+ 43. Kh1 b4 44. Rc1
Bd5 45. Rc7 Nh5 46. Qg4 Qa1+ 47. Kh2 Qe5+ 48. Kh1 Qxc7 49. Qxh5 Qf7 50. Qg4
b3 51. Qd4 Qf5 52. Kg1 Qc2 53. Qxd5 b2 54. Qd4 b1=Q+ 55. Kh2 Qba2 56. Qg4
Qc7+ 57. Kh1 Qb1# {White checkmated} 0-1

[Event "ICC tourney 2916 (30 10)"]
[Site "Internet Chess Club"]
[Date "2022.05.21"]
[Round "2"]
[White "GHOSH, YOHAN:luckylion"]
[Black "SHI, WARREN:warren200"]
[Result "1-0"]
[ICCResult "Black resigns"]
[WhiteElo "1295"]
[BlackElo "886"]
[Opening "Giuoco Piano"]
[ECO "C54"]
[NIC "IG.02"]
[Time "14:00:32"]
[PlyCount "27"]
[TimeControl "1800+10"]

1. e4 e5 2. Nf3 Nc6 3. Bc4 Bc5 4. c3 Nf6 5. d3 O-O 6. O-O d5 7. exd5 Nxd5 8.
b4 Bb6 9. a4 a6 10. Ba3 Nf6 11. b5 Re8 12. bxc6 bxc6 13. Ng5 Kh8 14. Nxf7+
{Black resigns}
1-0

[Event "ICC tourney 2916 (30 10)"]
[Site "Internet Chess Club"]
[Date "2022.05.21"]
[Round "2"]
[White "Augustine, Alexander Demir:DemaddAAA"]
[Black "SHANMUGAM, MEERA:K05-16606945"]
[Result "1-0"]
[ICCResult "Black checkmated"]
[WhiteElo "1114"]
[BlackElo "1353"]
[Opening "Danish gambit"]
[ECO "C21"]
[NIC "KP.04"]
[Time "14:00:33"]
[PlyCount "103"]
[TimeControl "1800+10"]

1. e4 e5 2. d4 exd4 3. c3 dxc3 4. Bc4 Nc6 5. Nxc3 Nf6 6. Nf3 d6 7. Ng5 Ne5
8. Qb3 Nxc4 9. Qxc4 Qd7 10. O-O h6 11. Nf3 Be7 12. e5 dxe5 13. Nxe5 Qe6 14.
Qa4+ c6 15. Bf4 O-O 16. Rfe1 Qf5 17. Nxc6 bxc6 18. Rxe7 Qxf4 19. Qxf4 Be6
20. Re1 Rab8 21. b3 a6 22. h3 Kh7 23. Qg3 Nh5 24. Qd3+ Kg8 25. Ne4 Rbd8 26.
Qxa6 Bd5 27. Nc3 Ra8 28. Ra7 Rxa7 29. Qxa7 Be6 30. Qc5 Nf6 31. Qxc6 Rc8 32.
Rxe6 Rxc6 33. Rxc6 Kf8 34. Rxf6 gxf6 35. a4 Ke8 36. b4 Kd8 37. b5 Kc7 38. a5
Kb7 39. a6+ Ka7 40. f3 f5 41. Kf2 f4 42. Ke2 h5 43. Kd3 h4 44. Kc4 f6 45.
Kb4 f5 46. Ka5 Ka8 47. b6 Kb8 48. Kb5 Ka8 49. Kc6 Kb8 50. Nb5 Ka8 51. b7+
Kb8 52. a7# {Black checkmated} 1-0

[Event "ICC tourney 2916 (30 10)"]
[Site "Internet Chess Club"]
[Date "2022.05.21"]
[Round "2"]
[White "LEONG, ANSON:CaptainAL13"]
[Black "GRESEN, EVAN MICHAEL:EVMIGR"]
[Result "0-1"]
[ICCResult "White resigns"]
[WhiteElo "1378"]
[BlackElo "1568"]
[Opening "Scandinavian defense"]
[ECO "B01"]
[NIC "SD.03"]
[Time "14:00:27"]
[PlyCount "68"]
[TimeControl "1800+10"]

1. e4 d5 2. exd5 Nf6 3. Nc3 Nxd5 4. d4 Bf5 5. Nf3 g6 6. Bc4 Nxc3 7. bxc3 Bg7
8. Be3 Nd7 9. Qd2 c5 10. Bh6 O-O 11. Bxg7 Kxg7 12. h4 h5 13. Bd3 Bg4 14. Nh2
Be6 15. g4 Nf6 16. gxh5 Nxh5 17. Be2 Rh8 18. Bg4 Qd5 19. Bf3 Qd7 20. Rg1
cxd4 21. cxd4 Rad8 22. d5 Bxd5 23. O-O-O Nf6 24. Qc3 Qh3 25. Rg3 Qxh2 26.
Bxd5 Qxf2 27. Rf3 Qxh4 28. Rfd3 Qf4+ 29. Kb2 e5 30. Rf3 Qg5 31. Rdf1 Rd6 32.
Bxf7 Rb6+ 33. Ka1 e4 34. Rf4 Qxf4 {White resigns} 0-1

[Event "ICC tourney 2916 (30 10)"]
[Site "Internet Chess Club"]
[Date "2022.05.21"]
[Round "2"]
[White "SULTAN, BASHIR Cisse:muzikmixer"]
[Black "Mason, Mike W:MikeWMason"]
[Result "0-1"]
[ICCResult "White checkmated"]
[WhiteElo "1429"]
[BlackElo "1555"]
[Opening "English opening"]
[ECO "A13"]
[NIC "EO.64"]
[Time "14:00:42"]
[PlyCount "64"]
[TimeControl "1800+10"]

1. c4 e6 2. Nc3 d5 3. e3 Nf6 4. Nf3 c6 5. b3 Be7 6. Bb2 O-O 7. Be2 Re8 8.
O-O Nbd7 9. Qc2 e5 10. cxd5 cxd5 11. Nb5 Bc5 12. Nxe5 Bb6 13. Nf3 Nc5 14. b4
Ne6 15. a4 Bd7 16. a5 Rc8 17. Qb3 Bc7 18. Nxa7 Ra8 19. Nb5 Nf4 20. Nxc7
Nxe2+ 21. Kh1 Qxc7 22. Qd3 Ra6 23. Qxe2 Ng4 24. h3 Rh6 25. Kg1 Ree6 26. hxg4
Re4 27. d3 Rxg4 28. Be5 Rgh4 29. g3 Rh1+ 30. Kg2 Qxe5 31. Nxe5 R1h2+ 32. Kf3
Rf6# {White checkmated} 0-1

[Event "ICC tourney 2916 (30 10)"]
[Site "Internet Chess Club"]
[Date "2022.05.21"]
[Round "2"]
[White "Anthony, Joseph:ajk170378"]
[Black "Doan Giang, Nguyen Doan:Doctorstrange04"]
[Result "0-1"]
[ICCResult "White resigns"]
[WhiteElo "1534"]
[BlackElo "1698"]
[Opening "Sicilian defense"]
[ECO "B20"]
[NIC "SI.48"]
[Time "14:00:29"]
[PlyCount "108"]
[TimeControl "1800+10"]

1. e4 c5 2. Bc4 e6 3. Nf3 Nc6 4. c3 Nf6 5. d3 d5 6. exd5 exd5 7. Bb5 Qe7+ 8.
Be3 Ng4 9. Qa4 Bd7 10. Bxc6 bxc6 11. O-O Nxe3 12. Re1 Qd6 13. Rxe3+ Be7 14.
Nbd2 O-O 15. Rae1 Bf6 16. Qa3 Rfb8 17. Nb3 Bg4 18. Ne5 Bf5 19. d4 h5 20.
dxc5 Qc7 21. Nd4 Re8 22. Nexc6 Rxe3 23. Rxe3 Bg6 24. h3 Bg5 25. Re2 Bd3 26.
Re5 Bf6 27. Rxd5 Re8 28. Rd6 Bg5 29. Nf3 Be4 30. Nxg5 Bxc6 31. Qb3 Ba8 32.
Qb5 Qe7 33. h4 Rc8 34. b4 Qe1+ 35. Kh2 Qxf2 36. c6 Qf4+ 37. Kh1 Qxd6 38. Qf5
Qd1+ 39. Kh2 Qd6+ 40. Kh1 Rc7 41. Qh7+ Kf8 42. Qxh5 Qxc6 43. Qh8+ Ke7 44.
Nf3 Qe8 45. Qxg7 Bxf3 46. Qe5+ Kd8 47. Qf6+ Qe7 48. Qxf3 Qxh4+ 49. Kg1 Qe1+
50. Kh2 Qxc3 51. Qd5+ Rd7 52. Qa5+ Qc7+ 53. Qxc7+ Rxc7 54. g4 Rc2+
{White resigns}
0-1

[Event "ICC tourney 2916 (30 10)"]
[Site "Internet Chess Club"]
[Date "2022.05.21"]
[Round "2"]
[White "GEVORGYAN, DAVIT:Davo29"]
[Black "QIAO, RICHARDSON JINGSI:Richardsonqiao"]
[Result "1-0"]
[ICCResult "Black checkmated"]
[WhiteElo "1676"]
[BlackElo "1215"]
[Opening "Sicilian: Canal-Sokolsky attack, Sokolsky variation"]
[ECO "B52"]
[NIC "SI.01"]
[Time "14:00:35"]
[PlyCount "141"]
[TimeControl "1800+10"]

1. e4 c5 2. Nf3 d6 3. Bb5+ Bd7 4. Bxd7+ Qxd7 5. c4 Nc6 6. d4 cxd4 7. Nxd4
Ne5 8. b3 Nf6 9. Nc3 e6 10. f3 d5 11. exd5 exd5 12. cxd5 Nxd5 13. Nxd5 Qxd5
14. O-O Bc5 15. Be3 Rd8 16. Nf5 Bxe3+ 17. Nxe3 Qc5 18. Qe2 O-O 19. Rac1 Qb6
20. Rfd1 Rfe8 21. Rxd8 Rxd8 22. Kf1 f6 23. Nc4 Nxc4 24. Qxc4+ Kf8 25. Qc5+
Qxc5 26. Rxc5 Ke7 27. Ke2 Kd6 28. Rc4 Ke7 29. Ke3 Rd6 30. f4 Re6+ 31. Kd3
Kd6 32. a4 a5 33. g3 Re1 34. Rc2 Rb1 35. Kc4 g5 36. fxg5 fxg5 37. Rf2 h5 38.
Rf5 Rh1 39. Rxg5 Rxh2 40. Rxa5 Rc2+ 41. Kb4 Rg2 42. Rg5 h4 43. gxh4 Rh2 44.
h5 Rh4+ 45. Kb5 Kc7 46. b4 Kd6 47. Rg6+ Ke7 48. Rg7+ Kf6 49. Rxb7 Rxh5+ 50.
Ka6 Ke6 51. Rc7 Kd6 52. Rc4 Rh6 53. Rc1 Kd7+ 54. Ka5 Rh5+ 55. b5 Rh6 56. b6
Rc6 57. Rxc6 Kxc6 58. Ka6 Kd7 59. b7 Kc7 60. Ka7 Kc6 61. b8=Q Kc5 62. Qf4
Kc6 63. Qc4+ Kd6 64. Kb7 Kd7 65. Qd5+ Ke7 66. a5 Kf6 67. a6 Kg6 68. a7 Kf6
69. a8=Q Kg6 70. Qag8+ Kf6 71. Qgf7# {Black checkmated} 1-0

[Event "ICC tourney 2916 (30 10)"]
[Site "Internet Chess Club"]
[Date "2022.05.21"]
[Round "2"]
[White "PUGH, RICHARD:rpughiii"]
[Black "THAIN, JACK:jt1819"]
[Result "0-1"]
[ICCResult "White resigns"]
[WhiteElo "1401"]
[BlackElo "1662"]
[Opening "Nimzovich-Larsen attack"]
[ECO "A01"]
[NIC "VO.08"]
[Time "14:00:29"]
[PlyCount "70"]
[TimeControl "1800+10"]

1. b3 c6 2. Bb2 d5 3. e3 Nf6 4. Nf3 Bg4 5. d4 e6 6. Be2 Be7 7. Nbd2 O-O 8.
O-O c5 9. Ne5 Bxe2 10. Qxe2 Nc6 11. f4 cxd4 12. exd4 Qb6 13. c3 Nxe5 14.
fxe5 Nd7 15. Qh5 f6 16. exf6 Bxf6 17. Kh1 e5 18. dxe5 Bxe5 19. Nf3 g6 20.
Qh3 Rf5 21. Nd4 Rxf1+ 22. Rxf1 Rf8 23. Rxf8+ Nxf8 24. Qe3 Bxd4 25. Qxd4 Qxd4
26. cxd4 Kf7 27. g3 Ne6 28. Kg2 Ng5 29. Kf2 Ne4+ 30. Ke3 Ke6 31. Kf4 h5 32.
h4 Kf6 33. g4 hxg4 34. Kxg4 Nf2+ 35. Kf4 Nd3+ {White resigns} 0-1

[Event "ICC tourney 2916 (30 10)"]
[Site "Internet Chess Club"]
[Date "2022.05.21"]
[Round "2"]
[White "BUENAVISTA, PROSPERO SILOS:perryb"]
[Black "INDUKURI, SUHAS VARMA:Suhas12"]
[Result "1-0"]
[ICCResult "Black checkmated"]
[WhiteElo "1659"]
[BlackElo "1490"]
[Opening "Queen's pawn: London system"]
[ECO "A45"]
[NIC "QP.07"]
[Time "14:00:32"]
[PlyCount "131"]
[TimeControl "1800+10"]

1. d4 Nf6 2. Bf4 e6 3. e3 d5 4. Nf3 Nh5 5. Bg3 Nxg3 6. hxg3 Bd6 7. Bd3 h6 8.
Nbd2 b6 9. Qe2 Qe7 10. Ne5 Bxe5 11. dxe5 Nd7 12. f4 Bb7 13. c3 c5 14. Nf3 a6
15. g4 b5 16. f5 exf5 17. gxf5 Nxe5 18. Nxe5 Qxe5 19. Bxb5+ axb5 20. Qxb5+
Kf8 21. Qxb7 Qxe3+ 22. Kf1 Qd3+ 23. Kg1 Qe3+ 24. Kh2 Qf4+ 25. g3 Qf2+ 26.
Kh3 Qxf5+ 27. Kg2 Re8 28. Rhe1 Qc2+ 29. Kg1 Rxe1+ 30. Rxe1 Kg8 31. Qxd5 Qg6
32. Kg2 Qc2+ 33. Kh3 Qf2 34. Re5 Qf1+ 35. Kh2 Qf2+ 36. Qg2 Qf6 37. Rxc5 Kh7
38. Qe4+ g6 39. Qf4 Qe7 40. Rc7 Qe2+ 41. Kh3 Qh5+ 42. Kg2 Qe2+ 43. Kh3 Qh5+
44. Kg2 Qe2+ 45. Qf2 Qe4+ 46. Kh2 Rf8 47. Rxf7+ Rxf7 48. Qxf7+ Kh8 49. Qf2
Qe5 50. Qd4 Qxd4 51. cxd4 Kg7 52. a4 Kf6 53. a5 Ke6 54. a6 Kd5 55. a7 Kxd4
56. a8=Q Kc4 57. Qc6+ Kb3 58. Qc3+ Ka4 59. b4 Kb5 60. Qc5+ Ka6 61. b5+ Kb7
62. b6 Ka6 63. Qc7 Ka5 64. b7+ Kb4 65. b8=Q+ Ka4 66. Qca7# {Black
checkmated} 1-0

[Event "ICC tourney 2916 (30 10)"]
[Site "Internet Chess Club"]
[Date "2022.05.21"]
[Round "2"]
[White "WU, WINSTON:K01-30022609"]
[Black "MEI, ZERUI TITUS:Thankfulfortune"]
[Result "1-0"]
[ICCResult "Black resigns"]
[WhiteElo "1405"]
[BlackElo "1142"]
[Opening "Giuoco Piano"]
[ECO "C54"]
[NIC "IG.02"]
[Time "14:00:28"]
[PlyCount "101"]
[TimeControl "1800+10"]

1. e4 e5 2. Nf3 Nc6 3. Bc4 Bc5 4. c3 Nf6 5. d3 d6 6. O-O O-O 7. a4 a5 8.
Nbd2 Be6 9. Qb3 Bxc4 10. Nxc4 Rb8 11. Bg5 h6 12. Bh4 Re8 13. Ne3 Bxe3 14.
fxe3 Qe7 15. Bxf6 gxf6 16. Nh4 Kh7 17. Nf5 Qe6 18. Qd1 Rg8 19. Qh5 Rg6 20.
Rf3 Ne7 21. Rh3 Ng8 22. c4 Rg5 23. Qh4 Rg6 24. Rg3 Qe8 25. b3 b6 26. Rf1 Qf8
27. Rff3 Rc8 28. h3 Rb8 29. Rg4 Rc8 30. Rfg3 Ra8 31. Qh5 Rg5 32. Rxg5 fxg5
33. Rxg5 Nf6 34. Qh4 c5 35. Rg7+ Qxg7 36. Nxg7 Kxg7 37. Kh2 Rd8 38. g4 Kg6
39. Qf2 Re8 40. Qf5+ Kg7 41. g5 hxg5 42. Qxg5+ Kf8 43. Qxf6 Re6 44. Qf5 Ke7
45. h4 Rf6 46. Qg5 Ke6 47. h5 Rf2+ 48. Kg3 Rf1 49. Kg2 Rd1 50. Qg4+ Ke7 51.
Qxd1 {Black resigns} 1-0

[Event "ICC tourney 2916 (30 10)"]
[Site "Internet Chess Club"]
[Date "2022.05.21"]
[Round "2"]
[White "ANGEL, BORYS:BArkadia"]
[Black "VALE CRUZ, ARMIN:trucker"]
[Result "1-0"]
[ICCResult "Black forfeits on time"]
[WhiteElo "1442"]
[BlackElo "1592"]
[Opening "Rousseau gambit"]
[ECO "C50"]
[NIC "IG.03"]
[Time "14:00:30"]
[PlyCount "103"]
[TimeControl "1800+10"]

1. e4 e5 2. Nf3 Nc6 3. Bc4 f5 4. d3 Nf6 5. Nc3 Bc5 6. Nd5 d6 7. Bg5 h6 8.
Nxf6+ gxf6 9. Bh4 a6 10. Nd2 h5 11. Qf3 f4 12. h3 Qe7 13. c3 Be6 14. g3
O-O-O 15. gxf4 exf4 16. Qxf4 Rdf8 17. d4 d5 18. Bd3 Bd6 19. Qe3 Qf7 20.
O-O-O Na5 21. e5 Be7 22. Rhg1 Rhg8 23. Rxg8 Rxg8 24. Re1 f5 25. Bxe7 Qxe7
26. Qh6 Qf7 27. Nf3 Qg6 28. Qf4 Nc6 29. Rg1 Qe8 30. Bxf5 Rxg1+ 31. Nxg1 Kb8
32. Bxe6 Qxe6 33. Qf6 Qg8 34. Nf3 Qg2 35. Ng5 Qf1+ 36. Kd2 Qb1 37. Qf8+ Ka7
38. Qc5+ Ka8 39. Ne6 Qxb2+ 40. Ke1 Qb1+ 41. Ke2 Qe4+ 42. Kd2 Qb1 43. Nxc7+
Kb8 44. Nxd5 Qxa2+ 45. Ke3 Qb1 46. Qf8+ Ka7 47. Qf3 Qc1+ 48. Ke4 Qc2+ 49.
Kf4 Qc1+ 50. Qe3 Qh1 51. c4 a5 52. Nc3 {Black forfeits on time} 1-0

[Event "ICC tourney 2916 (30 10)"]
[Site "Internet Chess Club"]
[Date "2022.05.21"]
[Round "3"]
[White "INDUKURI, SUHAS VARMA:Suhas12"]
[Black "WU, DARREN:chessboy111"]
[Result "1-0"]
[ICCResult "Black checkmated"]
[WhiteElo "1490"]
[BlackElo "1158"]
[Opening "Giuoco Piano"]
[ECO "C54"]
[NIC "IG.02"]
[Time "16:01:06"]
[PlyCount "57"]
[TimeControl "1800+10"]

1. e4 e5 2. Nf3 Nc6 3. Bc4 Bc5 4. c3 Nf6 5. d4 exd4 6. e5 d5 7. Bb5 Ne4 8.
cxd4 Bb6 9. Nc3 Nxc3 10. bxc3 O-O 11. O-O Bg4 12. Be2 Ne7 13. h3 Bf5 14. Nh2
Ng6 15. g4 Be6 16. f4 Bd7 17. f5 Nh4 18. f6 Re8 19. Kh1 Ng6 20. Qd2 Be6 21.
fxg7 c5 22. Bb5 Re7 23. Qh6 Rc7 24. Bg5 Qc8 25. Bf6 cxd4 26. Nf3 dxc3 27.
Ng5 Nf8 28. gxf8=Q+ Qxf8 29. Qxh7# {Black checkmated} 1-0